cohdb
Replays
Latest Replays
All Replays
Popular Replays
Top Player Replays
Match Explorer
How It Works
Community
CoH3 Stats
Reddit
Sign in to upload your games and track your stats! →
Sign in with Steam
Match 42872887
Unlisted
Match 42872887
Overview
Messages
Build Orders
End
Construct Section Command Post
Vickers Machine Gun Team
Selects Australian Defense Battlegroup
Selects Australian Light Infantry Section
Australian Light Infantry Section
ML 3-inch Mortar Team
Australian Light Infantry Section
Royal Engineer Section
Selects 2-pounder Anti-tank Gun Team
2-pounder Anti-tank Gun Team
Australian Light Infantry Section
Construct Platoon Command Post
CMP 15cwt Truck
Unlock Bishop Self-propelled Artillery
Bishop Self-propelled Artillery
RGDfleet
ThePROCTORdoctor360
cool_mint_flavor
Ulpia Victrix
Mojo Milk Man
Valar[M]orgHulis
tlgpa
✠ Eurocopter Tiger ✠
0
0
Comments
sign in to comment!
No comments posted yet!